 Dungeon Crawl Stone Soup version 0.23.2-1-ga50397a (webtiles) character file.

Game seed: 13480752694555304760

53 doot the Chiller (level 3, -7/24 HPs)
             Began as a Merfolk Ice Elementalist on May 18, 2019.
             Shot with an arrow by a centaur (10 damage)
             ... on level 2 of the Dungeon.
             The game lasted 00:03:16 (1675 turns).

doot the Chiller (Merfolk Ice Elementalist)         Turns: 1675, Time: 00:03:17

Health: -7/24      AC:  2    Str:  8    XL:     3   Next: 87%
Magic:  7/7        EV: 13    Int: 15    God:
Gold:   75         SH:  0    Dex: 14    Spells: 4/7 levels left

rFire    . . .     SeeInvis .   (no weapon)
rCold    . . .     Gourm    .   (no shield)
rNeg     . . .     Faith    .   a - +0 robe
rPois    .         Spirit   .   (no helmet)
rElec    .         Reflect  .   (no cloak)
rCorr    .         Harm     .   (no gloves)
MR       .....                  (no boots)
Stlth    ++........             (no amulet)
HPRegen  0.08/turn              (no ring)
MPRegen  0.10/turn              (no ring)

@: no status effects
A: change form in water, swift swim, stealthy swim
a: no special abilities


You were on level 2 of the Dungeon.
You were not hungry.

You visited 1 branch of the dungeon, and saw 2 of its levels.

You collected 75 gold pieces.

Inventory:

Armour
 a - a +0 robe (worn)
Scrolls
 b - 2 scrolls of identify {unknown}
 e - a scroll of remove curse {unknown}
 g - 2 scrolls of enchant weapon {unknown}
 i - a scroll of blinking {unknown}
Potions
 f - a potion of curing {unknown}
 h - 2 potions of haste {unknown}
Comestibles
 c - 3 rations


   Skills:
 + Level 3.1 Dodging
 + Level 2.3 Stealth
 + Level 2.8 Spellcasting
 + Level 0.7 Conjurations
 + Level 4.2 Ice Magic


You had 4 spell levels left.
You knew the following spells:

 Your Spells              Type           Power        Failure   Level  Hunger
a - Freeze                Ice            ##..         3%          1    #......
b - Throw Frost           Conj/Ice       #.....       11%         2    ##.....

Your spell library contained the following spells:

 Spells                   Type           Power        Failure   Level  Hunger
 Ozocubu's Armour         Chrm/Ice       #.......     26%         3    ###....
 Throw Icicle             Conj/Ice       #.......     58%         4    #####..
 Summon Ice Beast         Ice/Summ       #.......     65%         4    #####..


Dungeon Overview and Level Annotations

Branches:
Dungeon (2/15)

Altars:
Kikubaaqudgha
Wu Jian


Message History

A centaur comes into view.
You start resting.
Your magical contamination has completely faded away.
You start resting.
Magic restored.
The centaur is too close now for your liking.
The centaur shouts!
The centaur wields a +3 shortbow.
The centaur shoots an arrow.
The arrow barely misses you.
You see here an arrow.
The centaur shoots an arrow.
The arrow hits you!
You see here an arrow.
The centaur shoots an arrow.
The arrow hits you!
Ouch! That really hurt!
* * * LOW HITPOINT WARNING * * *
You see here an arrow.
The centaur shoots an arrow.
The arrow completely misses you.
You see here an arrow.
The centaur shoots an arrow.
The arrow hits you!
You die...

. ..# #.#.# #.#.# #.#.# .#.#.##
#.#.# .#.... ##)#.### ...#.#
##########....... ...#.##
#...........#.###
......###########.######.........
P........c.((((...# #.########
P..P..##########@.# #.# .#....#
#..# #.# ###..P##########>.# #.#
.....PP...........# #.#
........########.## #.#
._..##..#......>.# #.#
.....#P##.######## #.#
######.##.# #.# .......##.# #.#


You could see a centaur.

Vanquished Creatures
  Jessica (D:2)
  A dart slug (D:1)
  A leopard gecko (D:2)
  A ball python (D:1)
  2 goblins
  3 hobgoblins
  4 kobolds (D:1)
  A quokka (D:2)
  5 bats
  2 frilled lizards
  2 rats (D:1)
23 creatures vanquished.

Notes
Turn   | Place    | Note
-------+----------+-------------------------------------------
     0 | D:1      | doot the Merfolk Ice Elementalist began the quest for the
                  | Orb.
     0 | D:1      | Reached XP level 1. HP: 13/13 MP: 3/3
   180 | D:1      | Reached XP level 2. HP: 19/19 MP: 3/5
   184 | D:1      | Learned a level 2 spell: Throw Frost
   935 | D:2      | Noticed Jessica
   947 | D:2      | Killed Jessica
   947 | D:2      | Reached skill level 4 in Ice Magic
   947 | D:2      | Reached XP level 3. HP: 24/24 MP: 2/7
  1374 | D:2      | Found an ornate altar of the Wu Jian Council.
  1464 | D:2      | Found an ancient bone altar of Kikubaaqudgha.
  1620 | D:2      | Noticed a centaur
  1675 | D:2      | Shot with an arrow by a centaur

Skill      XL: |  1  2 |
---------------+-------+-----
Dodging        | 3 |  3.1
Ice Magic      | 4 |  4.2
Stealth        | |  2.3
Spellcasting   | |  2.8
Conjurations   | |  0.7

Action                   || total
-------------------------++-------
Melee: Unarmed           ||     2
 Cast: Freeze            ||    36
       Throw Frost       ||     7
 Stab: Sleeping          ||     1
  Eat: Chunk             ||     3
Armor: Robe              ||    18
Dodge: Dodged            ||    40
